 Dungeon Crawl Stone Soup version 0.28.0-56-g4927b6849a (webtiles) character file.

Game seed: 11353223911255668030

91 AarnesTheHuman the Chopper (level 4, -10/39 HPs)
             Began as a Hill Orc Fighter on Feb 6, 2023.
             Was an Initiate of Okawaru.
             Killed by nerve-wracking pain
             ... invoked by an orc priest
              (13 damage)
             ... on level 4 of the Dungeon.
             The game lasted 00:03:11 (2488 turns).

AarnesTheHuman the Chopper (Hill Orc Fighter)       Turns: 2488, Time: 00:03:12

Health: -10/39     AC: 10    Str: 20    XL:     4   Next: 59%
Magic:  5/5        EV:  9    Int:  8    God:    Okawaru [......]
Gold:   108        SH:  5    Dex: 16    Spells: 3/3 levels left

rFire   . . .      SeeInvis .   a - +0 war axe
rCold   . . .      Faith    .   c - +0 buckler
rNeg    . . .      Spirit   .   b - +0 scale mail
rPois   .          Reflect  .   (no helmet)
rElec   .          Harm     .   r - scarf {repulsion}
rCorr   .          Rampage  .   (no gloves)
Will    .....                   (no boots)
Stlth   ..........              (no amulet)
HPRegen 0.13/turn               e - +4 ring of protection
MPRegen 0.09/turn               k - +6 ring of dexterity

@: repel missiles
A: no striking features
a: Renounce Religion, Convert to Beogh


You were on level 4 of the Dungeon.
You worshipped Okawaru.
Okawaru was noncommittal.
You visited 1 branch of the dungeon, and saw 4 of its levels.

You collected 108 gold pieces.

Inventory:

Hand Weapons
 a - a +0 war axe (weapon)
Missiles
 h - 95 stones (quivered)
 t - 3 javelins
Armour
 b - a +0 scale mail (worn)
 c - a +0 buckler (worn)
 r - a scarf of repulsion (worn)
Jewellery
 e - a +4 ring of protection (left hand)
 j - a ring of protection from cold
 k - a +6 ring of dexterity (right hand)
 s - a +4 ring of protection
Scrolls
 f - a scroll of enchant weapon {unknown}
 g - 2 scrolls of fear {unknown}
 n - 2 scrolls of magic mapping {unknown}
 o - 2 scrolls of identify {unknown}
 p - a scroll of enchant armour {unknown}
 q - 2 scrolls of teleportation {unknown}
Potions
 d - a potion of might
 i - a potion of degeneration {unknown}
 l - a potion of curing {unknown}
 m - a potion of flight {unknown}
 u - 2 potions of heal wounds {unknown}


   Skills:
 - Level 3.6 Fighting
 + Level 4.3 Axes
 - Level 3.2 Armour
 + Level 4.3 Shields
 + Level 2.3 Invocations


You had 3 spell levels left.
You didn't know any spells.
Your spell library contained the following spells:

 Spells                   Type           Power      Damage    Failure   Level
 Magic Dart               Conj           0%         1d3       85%         1
 Mephitic Cloud           Conj/Pois/Air  0%         N/A       99%         3
 Call Imp                 Summ           Unusable   N/A       N/A         2

Dungeon Overview and Level Annotations

Branches:
Dungeon (4/15)
 Temple: D:4-7

Altars:
Okawaru
Qazlal

Annotations:
D:3 Sigmund


Message History

(press Y on the ability menu to convert to Beogh)
The orc priest shouts!
There is an open door here.
You hit the orc.
The orc is almost dead.
The orc priest shouts, "Join the one true god or die!"
You slash the orc!
You kill the orc!
Okawaru accepts your kill.
A water moccasin skeleton comes into view.
The orc priest mumbles some strange prayers to Beogh against you.
Pain shoots through your body!
The orc priest shouts, "Beogh is our master!
Accept the truth or die!"
You hit the orc.
You kill the orc!
Okawaru accepts your kill.
The orc priest mumbles some strange prayers to Beogh against you.
Beogh smites you!
* * * LOW HITPOINT WARNING * * *
You are too injured to fight recklessly!
The orc priest mumbles some strange prayers to Beogh against you.
Pain shoots through your body!
* * * LOW HITPOINT WARNING * * *
Things that are here:
a +0 hand axe; a +0 mace; a +0 leather armour You hit the orc priest.
The orc priest is heavily wounded.
The orc priest hits you with a +0 dagger.
* * * LOW HITPOINT WARNING * * *
You block the water moccasin skeleton's attack.
You hit the orc priest.
The orc priest is heavily wounded.
You hit the water moccasin skeleton.
The orc priest shouts, "Beogh is our master!
Accept the truth or die!"
The orc priest hits you with a +0 dagger.
* * * LOW HITPOINT WARNING * * *
The water moccasin skeleton misses you.
The orc priest mumbles some strange prayers to Beogh against you.
Pain shoots through your body!
You die...

... ##.# ...## ##..(##
... ..... ...
#.##...##.# #.#
#....Zo...# #.# #@#
#.# #.# #.# ##'## #.#
##...## #.#####
##.....## #.....#
##.......##
#####....###.........#
...........+.........+
#####...####.........#


You could see an orc priest and a water moccasin skeleton.

Vanquished Creatures
  An iguana (D:4)
  An adder (D:2)
  An ufetubus (D:4)
  A dart slug (D:3)
  4 orcs
  3 bats
  8 endoplasms
  4 goblins
  5 hobgoblins
  3 ball pythons (D:2)
  6 frilled lizards
  4 kobolds
  5 rats
46 creatures vanquished.

Notes
Turn   | Place    | Note
-------+----------+-------------------------------------------
     0 | D:1      | AarnesTheHuman the Hill Orc Fighter began the quest for the
                  | Orb.
     0 | D:1      | Reached XP level 1. HP: 19/19 MP: 1/1
    83 | D:1      | Noticed a golden eye
    85 | D:1      | Found a faded altar of an unknown god.
    86 | D:1      | Noticed a shining eye
    86 | D:1      | Noticed a great orb of eyes
    86 | D:1      | Noticed a floating eye
   292 | D:1      | Reached XP level 2. HP: 26/26 MP: 2/2
   862 | D:2      | Found an iron altar of Okawaru.
   892 | D:2      | Became a worshipper of Warmaster Okawaru
  1039 | D:2      | Reached XP level 3. HP: 29/31 MP: 3/3
  1040 | D:2      | Reached skill level 1 in Invocations
  1827 | D:3      | Noticed Sigmund
  2085 | D:4      | Found a stormy altar of Qazlal.
  2157 | D:4      | Reached XP level 4. HP: 39/39 MP: 5/5
  2488 | D:4      | Killed from afar by an orc priest

Illustrated notes

Levels and vault maps discovered:
D:1:      dpeg_arrival_arbitrary_c, layout_basic,
          hellmonk_ecumenical_altar_watching_god
D:2:      layout_loops_corners, basic_altar, minivault_11
D:3:      layout_rooms, st_stairs_13, uniq_crazy_yiuf_cottage, uniq_ijyb,
          uniq_sigmund
D:4:      layout_loops_corners, nicolae_qazlal_scattered_showers

Skill      XL: |  1  2  3  4 |
---------------+-------------+-----
Axes           | 3 4 |  4.3
Invocations    | 1 2 |  2.3
Shields        | 4 |  4.3
Fighting       | |  3.6
Armour         | |  3.2

Action                   |  1- 3 |  4- 6 || total
-------------------------+-------+-------++-------
Melee: War axe           |   102 |    22 ||   124
Armor: Scale mail        |    46 |     6 ||    52
Dodge: Dodged            |    38 |    12 ||    50
       Repelled          |     2 |       ||     2
Block: Buckler           |    28 |     7 ||    35
